 Dungeon Crawl Stone Soup version 0.31.0-4-g52a2dc7128 (webtiles) character file.

Game seed: 7828080518691755104

571 Aneyh the Poker (level 7, 0/41 HPs)
             Began as a Tengu Monk on Jan 22, 2024.
             Splashed by a jelly's acid (5 damage)
             ... on level 4 of the Dungeon.
             The game lasted 00:08:28 (2547 turns).

Aneyh the Poker (Tengu Monk)                        Turns: 2547, Time: 00:08:29

Health: 0/41       AC: -17   Str: 14    XL:     7   Next: 34%
Magic:  8/8        EV: 17    Int: 10    God:
Gold:   87         SH:  0    Dex: 16    Spells: 6/6 levels left

rFire   . . .        b - +1 trident (flame)
rCold   . . .        (no shield)
rNeg    . . .        g - +0 leather armour
rPois   .            (helmet restricted)
rElec   .            (no cloak)
rCorr   .            (no gloves)
SInv    .            (boots unavailable)
Will    .....        (no amulet)
Stlth   +            (no ring)
HPRegen 0.26/turn    (no ring)
MPRegen 0.11/turn

%: acrobat
@: corroded, flying
A: beak, talons 3, evasive flight, acrobatic
a: no special abilities


You were on level 4 of the Dungeon.
You visited 1 branch of the dungeon, and saw 3 of its levels.
You also visited: Ossuary.

You collected 87 gold pieces.

Inventory:

Hand Weapons
 a - a +0 hand axe
 b - a +1 trident of flaming (weapon)
Armour
 f - a +0 ring mail
 g - a +0 leather armour (worn)
Jewellery
 d - a ring of wizardry
Scrolls
 e - 2 scrolls of identify
 i - 2 scrolls of revelation {unknown}
 m - a scroll of enchant weapon
 n - a scroll of fog {unknown}
 o - a scroll of poison {unknown}
 p - a scroll of fear {unknown}
 q - 2 scrolls of immolation {unknown}
Potions
 c - 2 potions of heal wounds {unknown}
 j - a potion of haste {unknown}
 l - a potion of lignification {unknown}
 r - a potion of enlightenment {unknown}
 t - 2 potions of curing {unknown}


   Skills:
 * Level 3.5 Fighting
 - Level 4.0(6.2) Axes
 - Level 7.5(8.0) Polearms
 + Level 3.5 Dodging


You had 6 spell levels left.
You didn't know any spells.
Your spell library was empty.

Dungeon Overview and Level Annotations

Branches:
Dungeon (4/15)            Ossuary (visited)
 Temple: D:4-7

Altars:


Innate Abilities, Weirdness & Mutations

You have a beak for a mouth.
You have claws for feet.
Your magical flight helps you evade attacks. (EV +4)
You can magically evade attacks while moving or waiting.


Message History

Found a robe.
No target in view!
A giant cockroach and a jelly come into view.
Found a robe and a scale mail.
You reach to attack!
You hit the jelly but do no damage. You hit the jelly. You burn the jelly.
The acid corrodes you!
Your hands burn!
The jelly is moderately wounded.
The jelly hits you. The acid corrodes you!
You are splashed with acid!
You hit the jelly but do no damage.
Your hands burn!
You claw the jelly, but do no damage.
The jelly is moderately wounded.
The jelly hits you.
You are splashed with acid!
The giant cockroach misses you.
You are too injured to fight recklessly!
You are too injured to fight recklessly!
Unknown command.
You hit the giant cockroach but do no damage.
Your kick misses the giant cockroach. The giant cockroach closely misses you.
Okay, then.
You hit the giant cockroach but do no damage.
You claw the giant cockroach.
You kill the giant cockroach!
You hit the jelly but do no damage. The acid corrodes you!
Your hands burn!
You claw the jelly, but do no damage.
The jelly is moderately wounded.
The jelly misses you.
You hit the jelly but do no damage. The acid corrodes you!
Your hands burn!
* * * LOW HITPOINT WARNING * * *
The jelly is moderately wounded.
You hit the jelly. You burn the jelly.
Your hands burn!
* * * LOW HITPOINT WARNING * * *
You claw the jelly, but do no damage. You peck the jelly, but do no damage.
The jelly is heavily wounded.
The jelly barely misses you.
You hit the jelly but do no damage. The acid corrodes you!
Your hands burn!
* * * LOW HITPOINT WARNING * * *
You peck the jelly.
The jelly is heavily wounded.
The jelly barely misses you.
You hit the jelly but do no damage. The acid corrodes you!
Your hands burn!
You die...

##########
#######...[.....
..[........#
######J##.# #@#
# #.# #.# #.#
#.# #.# #.# #.#
### #.#


You could see a jelly.

Vanquished Creatures
  3 elf zombies (Ossuary)
  2 centaur zombies (Ossuary)
  A human zombie (Ossuary)
  A bombardier beetle (D:4)
  2 iguanas (D:4)
  7 hound zombies (Ossuary)
  2 mummies (Ossuary)
  2 adder zombies (Ossuary)
  2 ribbon worms (D:2)
  An orc (D:4)
  4 endoplasms
  3 giant cockroaches
  5 gnoll zombies (Ossuary)
  2 goblins
  4 hobgoblins
  3 jackals (D:2)
  2 quokkas (D:1)
  2 ball pythons (D:1)
  3 bats (D:1)
  2 frilled lizards (D:1)
  3 jackal zombies (Ossuary)
  4 kobolds
  4 kobold zombies (Ossuary)
  9 orc zombies (Ossuary)
  4 rats (D:1)
77 creatures vanquished.

Notes
Turn   | Place    | Note
-------+----------+-------------------------------------------
     0 | D:1      | Aneyh the Tengu Monk began the quest for the Orb.
     0 | D:1      | Reached XP level 1. HP: 14/14 MP: 2/2
   211 | D:1      | Reached XP level 2. HP: 17/19 MP: 3/3
   457 | D:1      | Reached skill level 1 in Polearms
   899 | D:1      | Reached XP level 3. HP: 23/23 MP: 4/4
  1050 | D:2      | Reached skill level 2 in Polearms
  1231 | D:2      | You fall into a shaft and drop 2 floors!
  1239 | D:4      | Found a sand-covered staircase.
  1251 | Ossuary  | Entered an ossuary
  1270 | Ossuary  | Reached skill level 3 in Polearms
  1273 | Ossuary  | Reached XP level 4. HP: 26/28 MP: 5/5
  1341 | Ossuary  | Reached skill level 4 in Polearms
  1560 | Ossuary  | Reached XP level 5. HP: 25/32 MP: 6/6
  1750 | Ossuary  | Reached skill level 5 in Polearms
  1787 | Ossuary  | Reached XP level 6. HP: 24/37 MP: 7/7
  1790 | Ossuary  | Reached skill level 6 in Polearms
  1811 | Ossuary  | Reached skill level 7 in Polearms
  1811 | Ossuary  | Gained mutation: Your magical flight helps you evade
                  | attacks. (EV +4) [Tengu growth]
  1811 | Ossuary  | Reached XP level 7. HP: 8/41 MP: 8/8
  2547 | D:4      | Splashed by a jelly's acid

Illustrated notes

Levels and vault maps discovered:
D:1:      lightli_arrival_statuegarden, layout_basic
D:2:      layout_rooms
D:4:      layout_loops_ring, chequers_ossuary_entry_cave

Skill      XL: |  1  2  3  4  5  6 |
---------------+-------------------+-----
Axes           | 4 |  4.0
Polearms       | 1 3 4 5 7 |  7.5
Fighting       | |  3.5
Dodging        | |  3.5

Action                     |  1- 3 |  4- 6 |  7- 9 || total
---------------------------+-------+-------+-------++-------
  Melee: Hand axe          |    22 |    10 |     1 ||    33
         Kick              |    19 |    30 |     8 ||    57
         Peck              |    16 |    26 |     7 ||    49
         Punch             |     1 |       |       ||     1
         Trident           |    62 |    83 |    36 ||   181
    Use: Scroll            |     1 |       |     4 ||     5
         Potion            |       |     2 |       ||     2
 Armour: Robe              |     9 |       |       ||     9
         Leather armour    |    25 |   120 |     6 ||   151
  Dodge: Dodged            |    76 |   147 |    15 ||   238
